 Dungeon Crawl Stone Soup version 0.23.2-33-g5129a83184 (webtiles) character file.

Game seed: 6961852388820418023

215 Felnil the Skirmisher (level 5, -2/42 HPs)
             Began as a Mummy Fighter on Aug 4, 2019.
             Was a Follower of Nemelex Xobeh.
             Killed from afar by an orc (36 damage)
             ... with an exploding inner flame
             ... hexed by the player character
             ... on level 4 of the Dungeon.
             The game lasted 00:16:21 (3386 turns).

Felnil the Skirmisher (Mummy Fighter)               Turns: 3386, Time: 00:16:22

Health: -2/42      AC:  9    Str: 21    XL:     5   Next: 60%
Magic:  5/5        EV:  7    Int:  7    God:    Nemelex Xobeh [*.....]
Gold:   146        SH:  9    Dex: 11    Spells: 4/4 levels left

rFire    . . .     SeeInvis .   f - +3 mace (drain)
rCold    + . .     Gourm    .   c - +0 shield
rNeg     + + +     Faith    .   h - +3 scale mail {rF+}
rPois    ∞         Spirit   .   (no helmet)
rElec    .         Reflect  .   (no cloak)
rCorr    .         Harm     +   (no gloves)
MR       .....                  (no boots)
Stlth    +.........             j - amulet of harm
HPRegen  0.14/turn              e - ring of stealth
MPRegen  0.09/turn              (no ring)

@: no status effects
A: no food or potions, fire vulnerability, cold resistance 1, negative energy
resistance 3, torment resistance, unbreathing
a: Draw Escape, Draw Destruction, Draw Summoning, Renounce Religion


You were on level 4 of the Dungeon.
You worshipped Nemelex Xobeh.
Nemelex Xobeh was aware of your devotion.
You were not hungry.

You visited 1 branch of the dungeon, and saw 4 of its levels.

You collected 146 gold pieces.

Inventory:

Hand Weapons
 a - a +0 long sword
 f - a +3 mace of draining (weapon)
Armour
 b - a +0 scale mail
 c - a +0 shield (worn)
 d - a +1 leather armour of fire resistance
 h - a +3 scale mail of fire resistance (worn)
Jewellery
 e - a ring of stealth (left hand)
 j - an amulet of harm (around neck)
Wands
 k - a wand of enslavement (9)
 l - a wand of paralysis (7)
Scrolls
 g - a scroll of amnesia
 m - a scroll of remove curse


   Skills:
 + Level 4.0 Fighting
 + Level 2.3 Long Blades
 + Level 1.3 Maces & Flails
 + Level 3.2 Armour
 + Level 1.3 Dodging
 + Level 0.5 Stealth
 + Level 2.9 Shields


You had 4 spell levels left.
You didn't know any spells.
Your spell library contained the following spells:

 Spells                   Type           Power        Failure   Level  Hunger
 Summon Small Mammal      Summ           #...         99%         1    N/A
 Call Imp                 Summ           #.......     100%        2    N/A
 Call Canine Familiar     Summ           #.......     100%        3    N/A
 Summon Guardian Golem    Hex/Summ       #.......     100%        3    N/A
 Summon Ice Beast         Ice/Summ       #.......     100%        4    N/A
 Summon Lightning Spire   Summ/Air       #.......     100%        4    N/A

Dungeon Overview and Level Annotations

Branches:
Dungeon (4/15)
 Temple: D:4-7

Altars:
Dithmenos
Elyvilon
Fedhas
Nemelex Xobeh
Qazlal
Sif Muna
Trog
Uskayaw
Xom
Yredelemnul


Innate Abilities, Weirdness & Mutations

You do not eat or drink.
Your flesh is vulnerable to fire.
You are immune to poison.
Your flesh is cold resistant. (rC+)
You are immune to negative energy. (rN+++)
You are immune to unholy pain and torment.
You can survive without breathing.


Message History

As you read the scroll labeled JARCHI ERHOTOAN, it crumbles to dust.
The creatures around you are filled with an inner flame!
It was a scroll of immolation.
The orc shouts!
As you read the scroll of enchant weapon, it crumbles to dust.
Your +2 mace of draining glows red for a moment.
Found a scroll of remove curse.
You barely miss the orc. You block the orc's attack.
The orc wizard casts a spell at you. The puff of frost hits you. You resist.
The orc hits you but does no damage.
You closely miss the orc.
The orc shouts!
The orc hits you but does no damage.
You barely miss the orc. You block the orc's attack.
You sock the orc!
The orc explodes!
The fiery explosion engulfs you!!
Ouch! That really hurt!
You die...
Your body disappears without a glow.

...............( .
.....?.......... #.?##
....$...........###...#
......)...............#####
.............o............#######
..............oo.................
........<....##§§§.............##
.............##§§§.............#
............## #@§.............#
...........## #..............##
.....##...## ##.............#
....# ##### #.........##..# ...#
##.....######.# ## ####.## ###
###


You could see an orc wizard and 2 orcs.

Vanquished Creatures
  2 orc wizards (D:4)
  Terence (D:2)
  A worker ant (D:4)
  Robin (D:2)
  A howler monkey skeleton (D:4)
  2 adders (D:3)
  An ooze (D:2)
  2 dart slugs (D:1)
  2 leopard geckos
  5 orcs
  4 bats (D:1)
  3 giant cockroaches
  11 goblins
  7 hobgoblins
  3 jackals (D:1)
  A quokka (D:3)
  5 frilled lizards
  4 kobolds
  4 rats
60 creatures vanquished.

Notes
Turn   | Place    | Note
-------+----------+-------------------------------------------
     0 | D:1      | Felnil the Mummy Fighter began the quest for the Orb.
     0 | D:1      | Reached XP level 1. HP: 18/18 MP: 1/1
   340 | D:1      | Reached XP level 2. HP: 15/24 MP: 2/2
  1226 | D:2      | Reached XP level 3. HP: 29/29 MP: 3/3
  1267 | D:2      | Found a stormy altar of Qazlal.
  1267 | D:2      | Found a blossoming altar of Fedhas.
  1351 | D:2      | Noticed Terence
  1367 | D:2      | Killed Terence
  1519 | D:2      | Reached skill level 1 in Dodging
  1521 | D:2      | Found a sparkling altar of Nemelex Xobeh.
  1532 | D:2      | Became a worshipper of Nemelex Xobeh the Trickster
  1669 | D:2      | Received a gift from Nemelex Xobeh
  1696 | D:2      | Noticed Robin
  1698 | D:2      | Reached XP level 4. HP: 35/35 MP: 4/4
  1709 | D:2      | Killed Robin
  1928 | D:2      | Found a shadowy altar of Dithmenos.
  2226 | D:3      | Found a transporter.
  2237 | D:3      | Found a transporter.
  2760 | D:3      | Found a basalt altar of Yredelemnul.
  2816 | D:3      | Found a white marble altar of Elyvilon.
  2846 | D:3      | Found a bloodstained altar of Trog.
  2859 | D:3      | Found a hide-covered altar of Uskayaw.
  2862 | D:3      | Found a deep blue altar of Sif Muna.
  2889 | D:3      | Found a shimmering altar of Xom.
  2891 | D:3      | Reached * piety under Nemelex Xobeh
  2949 | D:4      | Reached XP level 5. HP: 40/41 MP: 5/5
  2970 | D:4      | Reached skill level 1 in Maces & Flails
  3247 | D:4      | Reached skill level 4 in Fighting
  3386 | D:4      | Killed from afar by an orc

Skill      XL: |  1  2  3  4  5 |
---------------+----------------+-----
Long Blades    | 2 |  2.3
Dodging        | 1 |  1.3
Armour         | 3 |  3.2
Maces & Flails | 1 |  1.3
Fighting       | 4 |  4.0
Stealth        | |  0.5
Shields        | |  2.9

Action                   |  1- 3 |  4- 6 || total
-------------------------+-------+-------++-------
Melee: Long sword        |    87 |       ||    87
       Mace              |    17 |    91 ||   108
  Use: Scroll            |     4 |     5 ||     9
 Stab: Sleeping          |     2 |       ||     2
Armor: Leather armour    |    32 |       ||    32
       Scale mail        |    13 |    49 ||    62
Dodge: Dodged            |    36 |    28 ||    64
Block: Shield            |    45 |    49 ||    94
       Rpst.: Long sword |    14 |       ||    14
